Map: Divergence CE

Players

Ekelpack - Winner!

  • Race: Zerg Zerg
  • Spawn Location: 11:00

Nyck - Winner!

  • Race: Terran Terran
  • League: Silver
  • Spawn Location: 11:00

AlenkaStar

  • Race: Protoss Protoss
  • League: Platinum
  • Spawn Location: 5:00

Dav

  • Race: Terran Terran
  • Spawn Location: 5:00

VOD

Have the link to the VOD?

Description

Time

  • Played on: Nov. 8, 2024, 1:36 p.m.
  • Length: 12:23
Show
View Real Time Build Order
Export as new Build Order

Ekelpack Zerg - Winner!

Build Orders: Hatch First 

Get SALT Encoding   

  12  0:00  Drone  
  13  0:13  Overlord  
  13  0:17  Drone  
  14  0:32  Drone  
  15  0:50  Drone, Hatchery  
  15  1:05  Spawning Pool  
  15  1:08  Drone  
  15  1:11  Extractor  
  15  1:13  Drone  
  15  1:18  Drone  
  16  1:22  Drone  
  17  1:31  Drone  
  18  1:41  Drone  
  19  1:51  Queen  
  19  1:53  Zergling x2  
  22  2:02  Queen  
  22  2:05  Drone  
  22  2:08  Drone  
  26  2:16  Overlord  
  26  2:19  Drone  
  27  2:28  Lair  
  27  2:36  Drone x3  
  30  2:44  Drone  
  31  2:47  Drone  
  31  2:49  Drone  
  33  2:52  Extractor  
  33  2:57  Drone x2, Extractor  
  33  3:02  Drone, Overlord  
  33  3:04  Drone  
  35  3:14  Drone  
  35  3:16  Overlord  
  36  3:21  Drone x3  
  39  3:28  Spire  
  39  3:29  Drone  
  39  3:36  Drone x3  
  42  3:42  Extractor  
  42  3:44  Drone  
  42  3:45  Drone x3  
  42  3:46  Drone  
  46  3:50  Overlord  
  46  3:57  Drone  
  46  3:58  Overlord  
  46  4:00  Metabolic Boost  
  47  4:42  Zerg Flyer Weapons Level 1  
  47  4:43  Mutalisk x6  
  47  4:44  Mutalisk x2  
  63  4:52  Mutalisk x2  
  63  4:59  Queen  
  67  5:00  Hatchery, Overlord  
  68  5:15  Overlord  
  68  5:16  Overlord  
  68  5:20  Pneumatized Carapace  
  68  5:30  Zergling x4  
  68  5:31  Zergling x10  
  68  5:32  Zergling x2  
  76  5:42  Drone x5  
  81  6:19  Overlord x3  
  81  6:21  Hatchery  
  80  6:27  Infestation Pit  
  79  6:33  Extractor  
  79  6:34  Overlord x2  
  79  6:35  Extractor  
  77  6:49  Drone  
  77  6:50  Drone x5  
  83  7:03  Drone x3  
  83  7:04  Drone x2  
  86  7:39  Drone x3  
  86  7:42  Hive  
  89  7:52  Evolution Chamber  
  89  7:55  Evolution Chamber  
  87  7:59  Zergling x6  
  87  8:00  Zergling x12  
  87  8:01  Zergling x4  
  98  8:09  Zergling x2  
  99  8:31  Zergling x8  
  99  8:32  Zergling x10  
  108  8:50  Zerg Melee Weapons Level 1  
  108  8:51  Zerg Ground Armor Level 1  
  108  8:55  Overlord x5  
  108  8:58  Ultralisk Cavern  
  107  9:39  Hatchery  
  107  9:42  Adrenal Glands  
  106  9:51  Ultralisk x6  
  106  9:52  Ultralisk x4  
  166  9:53  Overlord  
  166  10:05  Ultralisk x2  
  178  10:07  Overlord x2  
  178  10:08  Overlord  
  178  10:10  Extractor  
  178  10:12  Chitinous Plating  
  178  10:13  Extractor  
  176  10:25  Overlord x3  
  176  10:26  Zergling x4  
  178  10:34  Ultralisk x2  
  178  10:35  Zergling x10  
  194  10:36  Zergling x10  
  192  11:31  Anabolic Synthesis  
  177  11:35  Ultralisk x2  
  177  11:36  Ultralisk x3  
  177  11:37  Zergling x6  
  177  11:38  Zergling x14  
  177  11:39  Zergling x8  
Show
View Real Time Build Order
Export as new Build Order

Nyck Terran - Winner!

Build Orders:  

Get SALT Encoding   

  12  0:00  SCV  
  13  0:12  SCV  
  14  0:18  Supply Depot  
  14  0:24  SCV  
  15  0:40  SCV  
  15  0:42  Barracks  
  16  0:48  Refinery  
  16  0:52  SCV  
  17  1:04  SCV  
  17  1:08  Barracks  
  18  1:16  SCV  
  19  1:29  Orbital Command  
  19  1:32  Reaper  
  20  1:37  Refinery  
  20  1:49  Supply Depot  
  20  1:57  SCV  
  21  2:04  Barracks Reactor  
  21  2:07  Barracks Tech Lab  
  21  2:14  SCV  
  22  2:21  Factory  
  22  2:25  Marine  
  22  2:26  SCV  
  24  2:42  SCV  
  24  2:43  Marine  
  26  2:54  SCV  
  27  3:01  Marine  
  28  3:06  SCV  
  29  3:18  SCV  
  29  3:28  Marauder  
  29  3:29  Combat Shield  
  29  3:34  Supply Depot, Command Center  
  31  3:36  Starport  
  31  3:55  Marine x2  
  31  3:56  SCV  
  34  4:10  Marine  
  34  4:12  SCV  
  34  4:15  Factory Reactor  
  34  4:16  Medivac  
  38  4:22  Marine  
  39  4:25  Supply Depot  
  39  4:28  Marine  
  39  4:29  SCV  
  43  4:42  Marine x2  
  43  4:48  Marine  
  44  5:00  SCV, Marine  
  44  5:01  Orbital Command, Command Center  
  44  5:04  Marine  
  44  5:05  Stimpack  
  47  5:14  SCV, Refinery  
  48  5:18  Marine  
  49  5:26  SCV  
  50  5:36  Engineering Bay  
  50  5:38  SCV  
  50  5:39  SCV  
  52  5:45  Marine x2  
  52  5:46  Marine  
  55  5:50  SCV  
  55  5:51  SCV  
  57  6:02  SCV  
  58  6:05  Marine x2  
  58  6:07  Marauder  
  62  6:18  SCV x2  
  64  6:22  Refinery  
  64  6:30  Orbital Command, SCV x2  
  64  6:32  Command Center  
  66  6:34  Marine x2  
  66  6:35  Marauder  
  66  6:37  Terran Infantry Weapons Level 1  
  70  6:46  SCV x2  
  72  6:49  Concussive Shells  
  72  6:52  Marine x2, Medivac x2  
  78  6:56  Reaper  
  79  7:08  SCV x2  
  81  7:10  Marine x2  
  83  7:20  SCV x2  
  85  7:29  Marauder  
  82  7:31  Orbital Command  
  77  7:44  Marine x2  
  79  7:52  SCV x2  
  79  7:54  Orbital Command  
  81  8:01  Marauder  
  83  8:10  SCV  
  83  8:11  SCV x2, Starport  
  86  8:15  Factory Tech Lab  
  86  8:16  Supply Depot  
  86  8:17  Armory  
  86  8:31  SCV x3  
  89  8:35  Refinery  
  89  8:37  Marine x2  
  89  8:38  Supply Depot, Refinery, Marauder  
  93  8:43  SCV x3  
  96  8:51  Starport Tech Lab  
  96  8:52  Starport  
  96  8:53  Siege Tank  
  99  9:00  Marine x2  
  99  9:01  Marauder  
  99  9:02  Terran Infantry Armor Level 1  
  103  9:03  Supply Depot, SCV x2  
  103  9:04  SCV  
  106  9:14  Starport Tech Lab  
  106  9:16  Fusion Core  
  106  9:17  Terran Vehicle And Ship Armor Level 1  
  106  9:18  SCV x3  
  106  9:20  Orbital Command  
  109  9:26  Supply Depot  
  109  9:30  SCV x2  
  109  9:31  SCV  
  112  9:36  Marine x2, Marauder  
  112  9:37  Siege Tank  
  119  9:41  Starport Tech Lab  
  119  9:42  SCV  
  120  9:49  Supply Depot  
  120  9:51  Starport  
  120  9:54  Supply Depot  
  120  9:57  Marine x2  
  120  9:58  Marauder  
  124  10:03  Weapon Refit  
  124  10:05  Supply Depot  
  124  10:07  SCV x4  
  124  10:13  Supply Depot  
  128  10:15  Marine x2  
  128  10:17  Battlecruiser  
  128  10:18  Supply Depot, Battlecruiser x2  
  148  10:27  SCV x4, Marauder  
  154  10:29  Supply Depot  
  154  10:34  Siege Tank  
  157  10:39  SCV x3  
  157  10:40  Supply Depot  
  160  10:51  Supply Depot  
  160  11:03  Starport Tech Lab  
  160  11:05  Starport  
  160  11:06  Supply Depot  
  160  11:07  Siege Tank  
  160  11:08  SCV x4  
  167  11:14  Supply Depot  
  143  12:01  Marine x3  
  162  12:09  Starport Tech Lab  
Show
View Real Time Build Order
Export as new Build Order

AlenkaStar Protoss 

Build Orders: 1 Gate Expand 

Get SALT Encoding   

  12  0:03  Probe (Chrono Boost)  
  14  0:14  Probe (Chrono Boost)  
  14  0:19  Probe (Chrono Boost)  
  15  0:29  Pylon  
  15  0:47  Probe  
  16  0:51  Gateway  
  16  1:00  Probe  
  17  1:16  Nexus  
  17  1:22  Probe  
  18  1:29  Assimilator  
  18  1:35  Probe  
  18  1:36  Pylon  
  19  1:41  Cybernetics Core  
  19  1:47  Probe  
  20  2:01  Assimilator  
  20  2:05  Probe  
  21  2:23  Warp Gate  
  21  2:29  Probe (Chrono Boost)  
  23  2:30  Probe (Chrono Boost)  
  23  2:39  Probe x2 (Chrono Boost), Pylon  
  23  2:41  Stalker (Chrono Boost)  
  27  2:48  Shield Battery  
  26  2:51  Pylon  
  26  2:57  Shield Battery  
  25  3:12  Robotics Facility  
  25  3:14  Robotics Facility  
  25  3:24  Probe (Chrono Boost)  
  27  3:29  Probe (Chrono Boost)  
  28  3:35  Forge, Probe (Chrono Boost)  
  28  3:38  Probe (Chrono Boost)  
  28  3:40  Probe (Chrono Boost)  
  29  3:41  Pylon  
  30  3:48  Probe  
  30  3:51  Probe  
  32  4:00  Probe  
  37  4:10  Immortal (Chrono Boost)  
  37  4:16  Immortal (Chrono Boost)  
  41  4:19  Probe  
  41  4:21  Probe  
  43  4:32  Photon Cannon  
  43  4:39  Warp Prism (Chrono Boost)  
  43  4:43  Protoss Shields Level 1 (Chrono Boost)  
  45  4:49  Probe x2  
  47  4:54  Photon Cannon  
  47  4:59  Observer  
  48  5:05  Gateway  
  48  5:07  Probe x2  
  50  5:15  Stalker, Immortal (Chrono Boost)  
  56  5:27  Shield Battery  
  56  5:35  Robotics Bay  
  56  5:43  Probe x2, Immortal  
  62  5:55  Probe  
  61  5:59  Stalker  
  61  6:03  Stalker  
  55  6:18  Assimilator  
  55  6:19  Assimilator  
  55  6:21  Pylon  
  55  6:23  Pylon  
  55  6:33  Stalker x2, Photon Cannon  
  59  6:53  Pylon  
  59  6:56  Photon Cannon  
  59  6:59  Pylon  
  59  7:03  Immortal x2  
  59  7:05  Probe  
  59  7:06  Probe  
  69  7:11  Pylon  
  69  7:13  Stalker  
  69  7:14  Stalker  
  73  7:18  Protoss Ground Weapons Level 1 (Chrono Boost)  
  73  7:48  Stalker x2  
  77  7:53  Probe x2  
  79  8:03  Photon Cannon  
  79  8:07  Colossus  
  79  8:12  Colossus  
  85  8:18  Photon Cannon  
  91  8:23  Gateway  
  91  8:27  Stalker x2  
  91  8:33  Pylon  
  95  8:39  Assimilator  
  95  8:52  Nexus  
  95  8:55  Pylon  
  95  8:57  Probe x2  
  95  8:58  Pylon  
  95  9:00  Pylon, Photon Cannon  
  97  9:05  Pylon  
  97  9:08  Stalker x2  
  97  9:09  Probe x2  
  103  9:16  Protoss Ground Armor Level 1  
  103  9:20  Twilight Council  
  103  9:21  Probe  
  104  9:27  Shield Battery  
  104  9:29  Photon Cannon  
  104  9:35  Stalker  
  104  9:36  Stalker  
  108  9:42  Photon Cannon  
  108  9:49  Pylon  
  108  9:53  Extended Thermal Lance  
  108  10:03  Blink  
  108  10:06  Templar Archives  
  108  10:09  Probe  
  108  10:10  Probe  
  108  10:12  Assimilator  
  110  10:17  Probe  
  112  10:21  Shield Battery, Probe  
  112  10:22  Assimilator  
  112  10:28  Photon Cannon  
  112  10:31  Pylon  
  112  10:41  Observer x2  
  114  10:47  Stalker x2  
  118  10:50  Stalker  
  120  10:59  Colossus  
  120  11:03  Gateway  
  126  11:07  Gateway  
  126  11:09  Probe  
  126  11:10  Gateway, Probe  
  128  11:11  Probe  
  128  11:13  Gateway  
  73  12:02  Stalker  
  73  12:03  Stalker x3  
Show
View Real Time Build Order
Export as new Build Order

Dav Terran 

Build Orders: 2 Factory 

Get SALT Encoding   

  12  0:02  SCV  
  13  0:14  SCV  
  14  0:23  Supply Depot  
  14  0:26  SCV  
  15  0:31  Refinery  
  15  0:45  SCV  
  15  0:47  Barracks  
  16  1:00  SCV  
  17  1:12  SCV  
  18  1:31  Command Center  
  18  1:43  Orbital Command  
  18  1:51  Barracks Tech Lab  
  18  2:03  Refinery  
  18  2:14  SCV  
  19  2:24  Engineering Bay  
  19  2:29  SCV  
  20  2:33  Concussive Shells, Marauder  
  22  2:48  Orbital Command  
  22  2:54  Marauder  
  23  3:10  Factory  
  23  3:11  SCV, Factory  
  24  3:22  SCV  
  25  3:30  SCV  
  25  3:33  Missile Turret  
  26  3:35  SCV  
  27  3:42  SCV  
  27  3:47  SCV  
  29  3:54  Factory Tech Lab  
  29  3:57  Factory Tech Lab  
  29  4:02  SCV x2, Missile Turret  
  31  4:10  Sensor Tower  
  31  4:14  SCV  
  31  4:16  Siege Tank  
  35  4:19  Siege Tank  
  38  4:30  Supply Depot  
  38  4:37  Starport  
  38  4:51  Missile Turret  
  38  4:52  SCV x2, Missile Turret x2  
  40  4:57  Siege Tank  
  43  5:02  Siege Tank  
  46  5:11  Missile Turret  
  46  5:23  Command Center  
  46  5:32  Missile Turret  
  46  5:35  Missile Turret  
  46  5:36  Missile Turret  
  46  5:41  Missile Turret  
  46  5:45  Armory  
  46  5:50  SCV  
  46  6:05  Supply Depot  
  46  6:06  Command Center  
  46  6:10  Supply Depot  
  46  6:23  Refinery  
  46  6:24  Refinery  
  46  6:26  SCV x2, Missile Turret  
  52  6:37  Thor  
  52  6:38  SCV x2  
  56  6:52  Thor  
  62  6:54  Supply Depot  
  62  7:13  Neosteel Armor  
  62  7:18  Terran Ship Weapons Level 1  
  62  7:19  SCV x2  
  63  7:45  Missile Turret  
  63  7:48  Missile Turret  
  63  7:52  Thor  
  69  8:04  SCV  
  70  8:28  Thor  
  76  8:38  Thor  
  82  8:42  SCV x2  
  84  8:53  Hi-Sec Auto Tracking  
  84  8:59  Planetary Fortress  
  84  9:00  SCV x2  
  86  9:12  SCV  
  86  9:15  Armory  
  86  9:16  Factory x2  
  87  9:20  SCV  
  87  9:23  Refinery  
  88  9:24  SCV  
  88  9:25  Refinery  
  89  9:32  SCV  
  90  9:46  Missile Turret  
  90  9:48  SCV  
  90  9:49  SCV  
  90  9:50  Missile Turret  
  90  9:52  SCV  
  93  10:04  Supply Depot  
  93  10:05  Terran Vehicle Weapons Level 1  
  93  10:06  Supply Depot  
  93  10:10  Terran Vehicle And Ship Armor Level 1  
  93  10:11  Supply Depot  
  93  10:15  Missile Turret, Factory Tech Lab  
  93  10:16  Factory Tech Lab  
  93  10:17  Missile Turret  
  93  10:23  Missile Turret  
  93  10:25  Thor  
  93  10:26  SCV  
  93  10:27  Thor  
  106  10:30  Factory x2  
  106  10:31  Supply Depot  
  106  10:32  Supply Depot  
  106  10:34  SCV x2  
  108  10:38  SCV  
  109  10:43  Siege Tank  
  109  10:45  Siege Tank  
  115  11:04  SCV, Missile Turret  
  115  11:05  SCV  
  117  11:25  Missile Turret  
  117  11:35  Hellion  
  85  11:40  Siege Tank x2  
  85  11:42  Siege Tank  
  82  11:47  Missile Turret  
  65  12:09  Missile Turret  
Tags
 
Add a new tag
Caveats
  • Supply blocks, unpowered buildings, or Contaminate may cause inaccurate times.
  • Supply counts are checked every 10 seconds.